 Seeded DCSS version 0.27-a0-906-g0a00ce863d (webtiles) character file.

Game seed: 12067930219187153790 (custom seed)

58 Zeld the Insei (level 4, -1/29 HPs)
             Began as an Octopode Transmuter on Apr 7, 2021.
             Succumbed to Jessica's poison
             ... on level 2 of the Dungeon.
             The game lasted 00:01:08 (1174 turns).

Zeld the Insei (Octopode Transmuter)                Turns: 1174, Time: 00:01:09

Health: -1/29      AC:  1    Str: 10    XL:     4   Next: 1%
Magic:  6/7        EV: 13    Int: 15    God:
Gold:   38         SH:  0    Dex: 12    Spells: 2/8 levels left

rFire    . . .     SeeInvis .     - Unarmed
rCold    . . .     Faith    .   (no shield)
rNeg     . . .     Spirit   .   (helmet currently unavailable)
rPois    .         Reflect  .   (no amulet)
rElec    .         Harm     .   (no ring)
rCorr    .         Rampage  .   (no ring)
Will     .....                  (no ring)
Stlth    ++........             (no ring)
HPRegen  0.09/turn              (no ring)
MPRegen  0.10/turn              (no ring)
                                (no ring)
                                (no ring)

@: lethally poisoned (-1 -> -8), appendages
A: tentacle spike 3, almost no armour, amphibious, 8 rings, camouflage 1,
gelatinous body 1, (nimble swimmer 1), tentacles
a: End Transformation


You were on level 2 of the Dungeon.
One of your tentacles had grown a beastly spike.
You visited 1 branch of the dungeon, and saw 2 of its levels.

You collected 38 gold pieces.

Inventory:

Scrolls
 a - 2 scrolls of vulnerability {unknown}
 b - 2 scrolls of identify {unknown}
 c - a scroll of fear {unknown}
 d - a scroll of summoning {unknown}
 e - a scroll of enchant armour {unknown}
 f - 2 scrolls of teleportation {unknown}
 g - a scroll of fog {unknown}


   Skills:
 * Level 2.1 Fighting
 - Level 2.0 Dodging
 - Level 3.0 Unarmed Combat
 * Level 2.6 Spellcasting
 * Level 2.7 Transmutations
 * Level 1.1 Poison Magic


You had 2 spell levels left.
You knew the following spells:

 Your Spells              Type           Power      Damage    Failure   Level
a - Beastly Appendage     Tmut           20%        N/A       7%          1
b - Wereblood             Tmut           10%        N/A       10%         2
c - Spider Form           Tmut/Pois      3%         N/A       28%         3

Your spell library contained the following spells:

 Spells                   Type           Power      Damage    Failure   Level
 Ice Form                 Ice/Tmut       6%         N/A       75%         4
 Hydra Form               Tmut           5%         N/A       88%         5


Dungeon Overview and Level Annotations

Branches:
Dungeon (2/15)

Altars:

Shops:
D:1 ?


Innate Abilities, Weirdness & Mutations

One of your tentacles has grown a beastly spike.
You cannot wear most types of armour.
You are amphibious.
You can wear up to eight rings at the same time.
Your skin changes colour to match your surroundings (Stealth+).
Your rubbery body absorbs attacks. (AC +1, EV +1)
((You are camouflaged near water. (Stealth+)))
You have tentacles for arms and can constrict up to eight enemies at once.


Message History

No target in view!
You see here a bat corpse.
A goblin comes into view. It is wielding a +0 mace.
The goblin moves out of view.
A kobold comes into view. It is wielding a +0 short sword.
A kobold is nearby!
Casting: Beastly Appendage (safe; 8% risk of failure)
Confirm with . or Enter, or press ? or * to list all spells.
You extend your transformation's duration.
You see here a +0 club.
The goblin shouts!
The kobold shouts!
You hear a shout!
Jessica the Apprentice Sorceress comes into view.
She is wielding a +2 dagger of venom.
Jessica mumbles some strange words.
Jessica seems to speed up.
The goblin throws a stone.
The stone misses you. Jessica barely misses you.
You barely miss Jessica. Your grab misses Jessica.
Your tentacle spike misses Jessica.
Jessica misses you.
Jessica hits you with a +2 dagger of venom!
You are lethally poisoned!
You closely miss Jessica. You grab Jessica.
You pierce Jessica.
You squeeze Jessica.
You kill Jessica!
You feel very sick. The goblin hits you with a +0 mace.
* * * LOW HITPOINT WARNING * * *
Your Fighting skill increases to level 2!
Your Poison Magic skill increases to level 1!
You have reached level 4!
You aren't carrying any potions.
Unknown command.
* * * LOW HITPOINT WARNING * * *
You feel very sick.
The goblin throws a stone.
The stone misses you.
The kobold throws a stone.
The stone hits you but does no damage.
Okay, then.
* * * LOW HITPOINT WARNING * * *
You feel very sick.
* * * LOW HITPOINT WARNING * * *
You feel sick.
You die...

#..# #..# #..# #..#
##[.####### #....†....# #
######....####.#.#
..........####.#.##
#####>....@..)...#
#♣#♣#######..######g#..#
.....♣.........# #.#..#
).....#####..#.....K)..#
.♣.♣..♣## #..######.#..#
........###<.#####.......
.♣.♣..♣.......>.....#
.###
........###♣♣♣......# ..
.....♣..# P♣♣♣#..## #.


You could see a goblin.

Vanquished Creatures
  Jessica (D:2)
  3 bats
  An endoplasm (D:2)
  4 giant cockroaches
  2 goblins (D:1)
  3 hobgoblins
  2 jackals (D:2)
  2 quokkas (D:2)
  3 ball pythons
  A frilled lizard (D:1)
  4 kobolds (D:1)
  A rat (D:2)
27 creatures vanquished.

Vanquished Creatures (others)
  2 plants (D:2)
2 creatures vanquished.

Grand Total: 29 creatures vanquished

Notes
Turn   | Place    | Note
-------+----------+-------------------------------------------
     0 | D:1      | Zeld the Octopode Transmuter began the quest for the Orb.
     0 | D:1      | Reached XP level 1. HP: 13/13 MP: 3/3
   131 | D:1      | Found Waskuf's Magic Scroll Shoppe.
   197 | D:1      | Reached XP level 2. HP: 17/18 MP: 3/5
   200 | D:1      | Learned a level 2 spell: Wereblood
   565 | D:1      | You fall into a shaft and drop 1 floor!
   972 | D:2      | Reached XP level 3. HP: 24/24 MP: 4/6
   976 | D:2      | Learned a level 3 spell: Spider Form
  1167 | D:2      | Noticed Jessica
  1170 | D:2      | Killed Jessica
  1171 | D:2      | Reached skill level 1 in Poison Magic
  1171 | D:2      | Reached XP level 4. HP: 9/29 MP: 5/7
  1173 | D:2      | HP: 1/29 [poisoned by Jessica]
  1174 | D:2      | Succumbed to Jessica's poison

Illustrated notes

Levels and vault maps discovered:
D:1:      nicolae_arrival_washed_ashore, layout_rooms,
          ebering_ecumenical_altar_mist, serial_shops, nicolae_shop_stone
D:2:      layout_loops_ring, serial_forest, infiniplex_forest_side_room,
          infiniplex_forest_lined_ring, infiniplex_forest_end_3,
          infiniplex_forest_clump_small, infiniplex_forest_straight_3,
          infiniplex_forest_side_room, uniq_jessica

Skill      XL: |  1  2  3 |
---------------+----------+-----
Fighting       | 2 |  2.1
Poison Magic   | 1 |  1.1
Dodging        | |  2.0
Unarmed Combat | |  3.0
Spellcasting   | |  2.6
Transmutations | |  2.7

Action                   |  1- 3 |  4- 6 || total
-------------------------+-------+-------++-------
Melee: Unarmed           |    52 |       ||    52
       Constrict         |    13 |       ||    13
       Tentacles         |     7 |       ||     7
       Kick              |    11 |       ||    11
       Punch             |     2 |       ||     2
 Cast: Beastly Appendage |    25 |       ||    25
 Stab: Sleeping          |     5 |       ||     5
Armor: Skin              |     3 |     1 ||     4
Dodge: Dodged            |    26 |     1 ||    27

Table legend: (Time is in decaauts)
 A = Elapsed time spent in this place.
 B = Non-inter-level travel time spent in this place.
 C = Inter-level travel time spent in this place.
 D = Time resting spent in this place.
 E = Time spent auto-exploring this place.
 F = Levels seen in this place.
 G = Mean time per level.
                   A        B        C        D        E       F      G
               +--------+--------+--------+--------+--------+-----+--------+
         Total |   1170 |   1170 |      0 |      0 |    986 |   2 |  585.0 |
       Dungeon |   1170 |   1170 |      0 |      0 |    986 |   2 |  585.0 |
               +--------+--------+--------+--------+--------+-----+--------+

Top non-repeatable levels by time:
     D:2: 607 daAuts
     D:1: 563 daAuts
